 Dungeon Crawl Stone Soup version 0.32-a0-859-gb0a091d592 (webtiles) character file.

Game seed: 7445583692133240437

113 wildpjah the Slasher (level 4, -1/34 HPs)
             Began as a Demonspawn Gladiator on Mar 27, 2024.
             Was a Believer of Beogh.
             Slain by a gnoll
             ... wielding a +0 spear
              (4 damage)
             ... on level 3 of the Dungeon.
             The game lasted 00:04:50 (2289 turns).

wildpjah the Slasher (Demonspawn Gladiator)         Turns: 2289, Time: 00:04:51

Health: -1/34      AC:  6    Str: 14    XL:     4   Next: 65%
Magic:  13/13      EV: 12    Int: 14    God:    Beogh [**....]
Gold:   156        SH:  0    Dex: 17    Spells: 3/3 levels left

rFire   . . .        u - +10 long sword of Execution {venom, rElec Stlth+}
rCold   . . .        (no shield)
rNeg    + + .        s - +2 leather armour "Vizo" {rN++}
rPois   .            (helmet restricted)
rElec   +            n - +0 cloak
rCorr   .            (no gloves)
SInv    .            (no boots)
Will    .....        (no amulet)
Stlth   ++           j - +6 ring of intelligence
HPRegen 0.25/turn    q - ring of magical power
MPRegen 0.13/turn

%: no passive effects
@: mighty
A: antennae 1, powered by pain 1
a: Renounce Religion, Smiting


You were on level 3 of the Dungeon.
You worshipped Beogh.
Beogh was pleased with you.
You visited 1 branch of the dungeon, and saw 3 of its levels.

You collected 156 gold pieces.

Inventory:

Hand Weapons
 a - a +0 long sword
 u - the +10 long sword of Execution (weapon) {venom, rElec Stlth+}
   (You found it on level 3 of the Dungeon)

   rElec:     It insulates you from electricity.
   Stlth+:    It makes you more stealthy.
Missiles
 d - 3 throwing nets (quivered)
 e - a javelin
 m - 6 poisoned darts
Armour
 b - a +0 leather armour
 c - a +0 helmet
 n - a +0 cloak (worn)
 p - a +0 ring mail
 s - the +2 leather armour "Vizo" (worn) {rN++}
   (You found it on level 3 of the Dungeon)

   rN++:      It greatly protects you from negative energy.
Jewellery
 j - a +6 ring of intelligence (left hand)
 q - a ring of magical power (right hand)
Scrolls
 i - 2 scrolls of enchant armour {unknown}
 k - a scroll of enchant weapon {unknown}
 o - a scroll of identify {unknown}
 r - a scroll of amnesia {unknown}
Potions
 f - a potion of might
 g - a potion of curing {unknown}
 h - a potion of mutation {unknown}
 l - a potion of heal wounds {unknown}
 t - a potion of attraction {unknown}
 v - a potion of brilliance {unknown}


   Skills:
 + Level 2.5 Fighting
 + Level 3.9 Long Blades
 + Level 1.8 Throwing
 + Level 1.3 Armour
 + Level 3.2 Dodging
 + Level 0.2 Stealth
 * Level 0.2 Invocations


You had 3 spell levels left.
You didn't know any spells.
Your spell library was empty.

Dungeon Overview and Level Annotations

Branches:
Dungeon (3/15)

Altars:
Cheibriados
Qazlal
Beogh

Shops:
D:1 =   D:3 *

Annotations:
D:2 1 runed translucent door, Crazy Yiuf


Innate Abilities, Weirdness & Mutations

Your facial features look somewhat orcish.
You have a pair of small antennae on your head.
You sometimes gain a little power by taking damage.


Message History

Found a ruby potion.
You see here the +10 long sword of Execution {venom, rElec Stlth+}.
u - the +10 long sword of Execution {venom, rElec Stlth+} The +10 long sword of Execution {venom, rElec Stlth+} begins to drip with poison!
u - the +10 long sword of Execution (weapon)
{venom, rElec Stlth+}
v - a ruby potion A gnoll comes into view.
It is wielding a +0 flail.
A gnoll comes into view. It is wielding a +0 spear.
The gnoll shouts! x2
A gnoll comes into view. It is wielding a +0 spear.
The gnoll attacks as it pursues you! The gnoll misses you.
The gnoll attacks as it pursues you! The gnoll hits you with a +0 flail!
You barely miss the gnoll. The gnoll barely misses you.
You slash the gnoll!
You kill the gnoll!
Beogh accepts your kill.
The gnoll hits you from afar with a +0 spear.
The gnoll hits you but does no damage.
The gnoll hits you from afar with a +0 spear.
Things that are here:
a +0 flail; a gnoll corpse You completely miss the gnoll.
The gnoll misses you. The gnoll hits you but does no damage.
The gnoll hits you with a +0 spear.
You hit the gnoll but do no damage. The gnoll closely misses you.
The gnoll hits you with a +0 spear.
* * * LOW HITPOINT WARNING * * *
The gnoll hits you from afar with a +0 spear.
* * * LOW HITPOINT WARNING * * *
You barely miss the gnoll. The gnoll hits you with a +0 spear.
* * * LOW HITPOINT WARNING * * *
The gnoll barely misses you.
Throw: 3 throwing nets
Press: ? - help, Q - select action, (/) - cycle Shift-Dir - straight line, f - gnoll
Aim: a gnoll, wielding a +0 spear (61% to hit)
Okay, then.
Unknown command.
It was a potion of might.
You feel very mighty all of a sudden. The gnoll hits you with a +0 spear.
You die...

#...%...#
#.......#
#.......#
#.......#
#####.### #.#
## #.# .#
####.# .#
#.@..# .#
##g#### .#
#.####.g######
.#
#..............
.#####
#.#...#########
...... .......
.######..###.#
>....... #.
.###### ##


You could see 2 gnolls.

Vanquished Creatures
  An orc wizard (D:2)
  A gnoll (D:3)
  3 adders (D:2)
  An orc (D:2)
  3 bats (D:1)
  3 endoplasms
  2 giant cockroaches
  5 goblins
  4 hobgoblins
  6 jackals
  2 kobolds (D:1)
  3 quokkas (D:2)
  2 ball pythons
  4 frilled lizards (D:1)
  6 rats
46 creatures vanquished.

Vanquished Creatures (others)
  An orc (D:2)
1 creature vanquished.

Grand Total: 47 creatures vanquished

Notes
Turn   | Place    | Note
-------+----------+-------------------------------------------
     0 | D:1      | wildpjah the Demonspawn Gladiator began the quest for the
                  | Orb.
     0 | D:1      | Reached XP level 1. HP: 16/16 MP: 1/1
   173 | D:1      | Found Acerche's Jewellery Shop.
   190 | D:1      | Gained mutation: You have a pair of small antennae on your
                  | head. [demonic ancestry]
   190 | D:1      | Reached XP level 2. HP: 22/22 MP: 2/2
   261 | D:1      | Found a faded altar of an unknown god.
   281 | D:1      | Prayed at the altar of an unknown god.
   281 | D:1      | Became a worshipper of Beogh the Shepherd
   281 | D:1      | Reached * piety under Beogh
   838 | D:2      | Reached XP level 3. HP: 26/27 MP: 3/3
  1221 | D:2      | Reached ** piety under Beogh
  1232 | D:2      | Reached skill level 1 in Armour
  1232 | D:2      | Gained mutation: You sometimes gain a little power by
                  | taking damage. [demonic ancestry]
  1232 | D:2      | Reached XP level 4. HP: 2/34 MP: 4/4
  1593 | D:2      | Found a runed translucent door.
  1594 | D:2      | Noticed Crazy Yiuf
  2112 | D:3      | Found a stormy altar of Qazlal.
  2146 | D:3      | Found Lewaymy's Assorted Antiques.
  2181 | D:3      | Found a snail-covered altar of Cheibriados.
  2182 | D:3      | Identified the +2 leather armour "Vizo" {rN++}
  2259 | D:3      | Identified the +10 long sword of Execution {venom, rElec
                  | Stlth+}
  2289 | D:3      | Slain by a gnoll

Illustrated notes

Levels and vault maps discovered:
D:1:      co_arrival_square_in_a_square_in_a_square, layout_loops_ring,
          serial_shops, shop, shapermc_ecumenical_altar_notcrosses
D:2:      layout_basic, uniq_crazy_yiuf_cottage
D:3:      layout_basic, overflow_temple_1_default, mainiacjoe_overflow_catwalk,
          serial_shops, nicolae_shop_overgrown_old_shop

Skill      XL: |  1  2  3 |
---------------+----------+-----
Long Blades    | 3 |  3.9
Dodging        | 3 |  3.2
Armour         | 1 |  1.3
Fighting       | |  2.5
Throwing       | |  1.8
Stealth        | |  0.2
Invocations    | |  0.2

Action                     |  1- 3 |  4- 6 || total
---------------------------+-------+-------++-------
  Melee: Long sword        |   107 |    36 ||   143
    Use: Potion            |       |     1 ||     1
   Stab: Sleeping          |     1 |       ||     1
 Armour: Leather armour    |    79 |    19 ||    98
         Ring mail         |       |     4 ||     4
  Dodge: Dodged            |    91 |    29 ||   120

Table legend: (Time is in decaauts)
 A = Elapsed time spent in this place.
 B = Non-inter-level travel time spent in this place.
 C = Inter-level travel time spent in this place.
 D = Time resting spent in this place.
 E = Time spent auto-exploring this place.
 F = Levels seen in this place.
 G = Mean time per level.
                   A        B        C        D        E       F      G
               +--------+--------+--------+--------+--------+-----+--------+
         Total |   2320 |   2229 |     91 |      0 |   1789 |   3 |  773.3 |
       Dungeon |   2320 |   2229 |     91 |      0 |   1789 |   3 |  773.3 |
               +--------+--------+--------+--------+--------+-----+--------+

Top non-repeatable levels by time:
     D:2: 1411 daAuts
     D:1: 640 daAuts
     D:3: 268 daAuts
